 Dungeon Crawl Stone Soup version 0.26-b1-59-ge38874ec40 (webtiles) character file.

Game seed: 11110115425817746303

95687 dolemite99 the Fighter (level 15, -21/99 HPs)
             Began as a Demonspawn Gladiator on Jan 9, 2021.
             Was a Priest of Hepliaklqana.
             Killed from afar by a wizard (47 damage)
             ... with a crystal spear
             ... on level 14 of the Dungeon.
             The game lasted 01:15:19 (36095 turns).

dolemite99 the Fighter (Demonspawn Gladiator)      Turns: 36095, Time: 01:15:20

Health: -21/99     AC: 28    Str: 28    XL:     15   Next: 67%
Magic:  0/21       EV: 11    Int: 11    God:    Hepliaklqana [***...]
Gold:   596        SH: 12    Dex: 18    Spells: 12/14 levels left

rFire    + + .     SeeInvis +   a - +4 eveningstar (flame)
rCold    + + .     Faith    +   N - +1 kite shield {AC+3}
rNeg     . . .     Spirit   +   K - +3 chain mail {rF+}
rPois    .         Reflect  .   G - +2 helmet
rElec    .         Harm     .   r - scarf {rC+ rF+}
rCorr    .         Rampage  .   V - +2 pair of gloves {archery}
Will     ++...                  (boots unavailable)
Stlth    ..........             y - amulet "Cayded" {Faith Str+6 Dex+4 SInv Stlth+}
HPRegen  0.26/turn              l - ring of willpower
MPRegen  0.34/turn              z - +4 ring of protection {=R}

@: no status effects
A: reduced essence, talons 3, cold resistance 1, frail 1, foul stench 1, magic
shield, magic regeneration, miasma immunity, big brain 1
a: Renounce Religion, Recall Ancestor, Ancestor Identity, Transference


You were on level 14 of the Dungeon.
You worshipped Hepliaklqana.
Hepliaklqana was most pleased with you.
You visited 4 branches of the dungeon, and saw 23 of its levels.

You collected 3413 gold pieces.
You spent 2817 gold pieces at shops.

Inventory:

Hand Weapons
 a - a +4 eveningstar of flaming (weapon)
 b - a +1 hunting sling of freezing
 D - a +6 vorpal dire flail
Missiles
 o - 7 curare-tipped darts
 H - 42 poisoned darts (quivered)
Armour
 r - a scarf of resistance (worn)
 G - a +2 helmet (worn)
 K - a +3 chain mail of fire resistance (worn)
 N - a +1 kite shield of protection (worn)
 V - a +2 pair of gloves of archery (worn)
Magical Staves
 u - an uncursed staff of air
Jewellery
 e - an uncursed ring of poison resistance
 i - the ring "Nitz" {rN+ Dex+3}
   (You took it off a kobold demonologist on level 7 of the Dungeon)

   [ring of positive energy]

   It affects your dexterity (+3).
   It protects you from negative energy.
 l - a ring of willpower (left hand)
 q - an uncursed amulet of regeneration
 s - an uncursed amulet of magic regeneration {unknown}
 t - an uncursed ring of protection from cold
 v - an uncursed ring of resist corrosion
 w - an uncursed ring of protection from fire
 y - the amulet "Cayded" (around neck) {Faith Str+6 Dex+4 SInv Stlth+}
   (You bought it in a shop on level 2 of the Orcish Mines)

   [amulet of faith]

   It allows you to gain divine favour quickly.
   It affects your strength (+6).
   It affects your dexterity (+4).
   It lets you see invisible.
   It makes you more stealthy.
 z - a +4 ring of protection (right hand) {=R}
 J - an uncursed ring of protection from fire
 Q - an uncursed ring of fire
Wands
 j - a wand of random effects (12)
 x - a wand of flame (11)
 I - a wand of digging (17)
 O - a wand of polymorph (27)
Scrolls
 c - 6 scrolls of fog
 k - 2 scrolls of silence
 n - 11 scrolls of identify {@r1}
 A - 3 scrolls of blinking
 B - a scroll of holy word
 F - 9 scrolls of remove curse {@r2}
 L - a scroll of magic mapping
 R - 5 scrolls of teleportation
 T - 2 scrolls of vulnerability
Potions
 d - a potion of brilliance
 g - a potion of heal wounds
 h - a potion of berserk rage
 m - 3 potions of magic
 p - 3 potions of resistance
 C - 7 potions of flight
 P - 2 potions of attraction
 U - 4 potions of curing
 X - 2 potions of lignification
Miscellaneous
 f - a box of beasts
 E - a tin of tremorstones (2/2)
 S - a phial of floods (inert)
 W - a phantom mirror


   Skills:
 - Level 13.2 Fighting
 - Level 7.1 Short Blades
 - Level 12.9(13.2) Maces & Flails
 - Level 4.0(9.4) Staves
 - Level 2.4(5.8) Slings
 - Level 8.3(8.5) Throwing
 - Level 9.6 Armour
 - Level 6.1 Dodging
 + Level 5.8 Shields
 - Level 8.5 Invocations
 - Level 8.0 Evocations


You had 12 spell levels left.
You knew the following spells:

 Your Spells              Type           Power        Failure   Level
a - Blink                 Tloc           N/A          100%        2

Your spell library contained the following spells:

 Spells                   Type           Power        Failure   Level
 Corona                   Hex            0%           99%         1
 Foxfire                  Conj/Fire      0%           99%         1
 Magic Dart               Conj           0%           99%         1
 Shock                    Conj/Air       0%           99%         1
 Call Imp                 Summ           0%           100%        2
 Ensorcelled Hibernation  Hex/Ice        0%           100%        2
 Poisonous Vapours        Pois/Air       0%           100%        2
 Searing Ray              Conj           0%           100%        2
 Slow                     Hex            0%           100%        2
 Confusing Touch          Hex            0%           100%        3
 Conjure Flame            Conj/Fire      0%           100%        3
 Dazzling Flash           Conj/Hex       0%           100%        3
 Inner Flame              Hex/Fire       0%           100%        3
 Mephitic Cloud           Conj/Pois/Air  0%           100%        3
 Static Discharge         Conj/Air       0%           100%        3
 Tukima's Dance           Hex            0%           100%        3
 Fulminant Prism          Conj/Hex       0%           100%        4
 Ice Form                 Ice/Tmut       0%           100%        4
 Iskenderun's Mystic Bla  Conj/Tloc      0%           100%        4
 Sticky Flame             Conj/Fire      0%           100%        4
 Fireball                 Conj/Fire      0%           100%        5
 Lightning Bolt           Conj/Air       0%           100%        5
 Metabolic Englaciation   Hex/Ice        0%           100%        5
 Freezing Cloud           Conj/Ice/Air   0%           100%        6
 Iron Shot                Conj/Erth      0%           100%        6
 Ozocubu's Refrigeration  Ice            0%           100%        6
 Simulacrum               Ice/Necr       0%           100%        6
 Ignition                 Fire           0%           100%        8
 Shatter                  Erth           0%           100%        9
 Tornado                  Air            0%           100%        9


Dungeon Overview and Level Annotations

Branches:
Dungeon (14/15)            Temple (1/1) D:4            Lair (6/6) D:10
 Shoals (0/4) Lair:3        Snake (0/4) Lair:3        Slime (0/5) Lair:6
    Orc (2/2) D:12            Elf (0/3) Orc:2
 Vaults: D:13-14

Altars:
Ashenzari
Cheibriados
Dithmenos
Elyvilon
Fedhas
Gozag
Hepliaklqana
Kikubaaqudgha
Makhleb
Nemelex Xobeh
Okawaru
Qazlal
Ru
Sif Muna
Trog
Uskayaw
Vehumet
Wu Jian
Xom
Yredelemnul
Zin
The Shining One
Beogh
Lugonu

Shops:
D:10 *   Orc:2 =?!==

Annotations:
D:10 1 runed translucent door, Garenzo's ghost, novice MiHu
D:13 exclusions: door and slime creature
D:14 Roxanne
Lair:2 exclusion: 4 oklob plants
Lair:3 1 runed translucent door, exclusion: oklob plant, Befuwnopp's ghost, journeyman TrHu


Innate Abilities, Weirdness & Mutations

You have claws for feet.
Your flesh is cold resistant. (rC+)
You may emit foul miasma when damaged in melee.
When hurt, damage is shared between your health and your magic reserves.
You regenerate magic rapidly.
You are immune to miasma.
You have an unusually large brain. (Int +2)
Your life essence is reduced to manifest your ancestor. (-10% HP)
You are frail. (-10% HP)


Message History

The wizard is moderately wounded.
You block the rakshasa's attack. The rakshasa misses you.
The wizard hits you but does no damage.
You closely miss the wizard.
The wizard is moderately wounded.
Free Jello hits the rakshasa with a +0 broad axe of flaming!
Free Jello burns the rakshasa.
The wizard hits you but does no damage.
The rakshasa hits you but does no damage.
The rakshasa hits Free Jello with a +0 trident!
You impale the wizard!! You burn the wizard. Your kick misses the wizard.
The wizard is almost dead.
The wizard points at you and mumbles some strange words.
The crystal spear hits you!!!
* * * LOW HITPOINT WARNING * * *
Free Jello hits the rakshasa with a +0 broad axe of flaming.
Free Jello burns the rakshasa.
The rakshasa blinks!
The rakshasa hits Free Jello with a +0 trident!
The wizard gestures at you while chanting.
The crystal spear hits you!!!
You die...

..<..##.#.#.##.........#####..#.#
........#..#.##.#.#....###.#....#
....###.##.#.#.#.##.....#.#R....#
....# #.#.#..##.#(#.....#R#.....#
.######.#.#.##^#(##....#.###....#
........#..#.##(#.######## ######
######..##.#.#..R§.#
#..#.#..#.R..(# #..#.#.##..@p#§#
#..#..#R#....#.# #..##.#.########
#.............. #..............
###############


You could see the friendly Free Jello the knight, a rakshasa and a wizard
(fast).

Vanquished Creatures
  Kirke (D:13)
  Louise (D:14)
  A stone giant (Orc:1)
  Snorg (D:13)
  Josephine (D:12)
  2 yaktaur captains (D:14)
  5 hydras
  2 boulder beetles
  A centaur warrior (D:14)
  3 tengu warriors (D:13)
  2 orc high priests (Orc:2)
  A hell knight (D:14)
  Nergalle (D:12)
  A fire crab (Lair:6)
  3 skeletal warriors (D:14)
  2 harpies (D:13)
  A lindwurm (shapeshifter) (D:13)
  2 orc knights
  5 orc sorcerers
  2 manticores
  2 deep elf magi (D:14)
  4 ugly things (D:14)
  A slime creature (Lair:6)
  5 cyclopes
  15 elephants
  2 black mambas
  2 gargoyles
  34 cane toads
  A rime drake (Lair:5)
  11 komodo dragons
  A kobold demonologist (D:7)
  2 efreet (D:14)
  A troll (Orc:1)
  4 polar bears
  18 blink frogs
  4 tyrant leeches (Lair:6)
  4 dream sheep (Lair:6)
  5 wraiths
  30 yaks
  A shadow (D:14)
  A hog (D:13)
  3 wyverns
  4 vampire mosquitoes (Lair:6)
  6 basilisks
  A golden eye (shapeshifter) (D:14)
  Grum (D:9)
  3 wargs (Orc:1)
  2 nagas (Lair:3)
  A hell hound (D:11)
  18 water moccasins
  3 ice beasts
  22 orc warriors
  6 ogres
  A phantom (D:12)
  2 black bears
  20 wolves
  8 centaurs
  3 big kobolds
  24 bullfrogs
  A wyvern skeleton (D:13)
  A scorpion (D:8)
  A water moccasin zombie (D:6)
  7 wights
  5 killer bees
  10 howler monkeys
  11 electric eels
  2 centaur zombies
  3 bullfrog skeletons
  3 hounds
  28 orc wizards
  20 orc priests
  3 centaur skeletons
  2 gnoll shamans
  2 iguanas
  Natasha (thrice) (D:2)
  10 worker ants
  3 worker ant zombies
  4 gnolls (D:8)
  12 adders
  3 white imps
  2 ufetubi
  2 oozes (D:3)
  A worm (D:3)
  3 dart slugs
  6 leopard geckos
  53 orcs
  2 ball pythons
  4 giant cockroaches
  8 goblins
  14 hobgoblins
  2 jackals (D:2)
  4 quokkas
  5 bats
  5 frilled lizards
  21 kobolds
  A leopard gecko skeleton (D:8)
  A quokka skeleton (D:5)
  A quokka zombie (D:8)
  10 rats
593 creatures vanquished.

Vanquished Creatures (collateral kills)
  Rupert (Lair:5)
  Erolcha (D:13)
  A hydra (Lair:5)
  A catoblepas (Lair:4)
  A tengu warrior (D:13)
  2 unseen horrors
  2 harpies (D:13)
  An orc sorcerer (Orc:2)
  3 ugly things
  6 elephants
  A black mamba (Lair:5)
  4 cane toads
  A gargoyle (D:11)
  2 komodo dragons
  2 rime drakes
  2 trolls (D:12)
  Prince Ribbit (D:9)
  A snapping turtle (Lair:3)
  12 blink frogs
  7 yaks
  2 vampire mosquitoes (Lair:6)
  3 basilisks
  A warg (Orc:2)
  3 nagas (Lair:3)
  2 hell hounds (D:11)
  3 water moccasins
  6 orc warriors
  An ice beast (D:11)
  A black bear (D:7)
  2 sky beasts
  4 wolves
  4 ogres
  2 centaurs (D:14)
  2 bullfrogs
  A scorpion (D:12)
  2 killer bees (D:7)
  4 wights
  3 howler monkeys
  An electric eel (Lair:3)
  A bullfrog zombie (D:7)
  A hound (D:7)
  An iguana (D:7)
  4 jellies
  5 orc priests (Orc:2)
  A bullfrog skeleton (D:7)
  21 orc wizards
  2 worker ants
  4 gnolls
  3 adders
  A white imp (D:7)
  A leopard gecko (D:7)
  32 orcs
  A quokka (D:5)
  A quokka skeleton (D:7)
178 creatures vanquished.

Vanquished Creatures (others)
  A shadow (D:14)
  4 humans (D:13)
  A quasit (D:13)
  18 knights
  59 fungi
  169 plants
  2 withered plants (D:10)
254 creatures vanquished.

Grand Total: 1025 creatures vanquished

Notes
Turn   | Place    | Note
-------+----------+-------------------------------------------
     0 | D:1      | dolemite99 the Demonspawn Gladiator began the quest for the
                  | Orb.
     0 | D:1      | Reached XP level 1. HP: 16/16 MP: 1/1
   285 | D:1      | Gained mutation: When hurt, damage is shared between your
                  | health and your magic reserves. [demonic ancestry]
   285 | D:1      | Reached XP level 2. HP: 7/22 MP: 2/2
   757 | D:1      | You fall into a shaft and drop 1 floor!
   883 | D:2      | Noticed Natasha
   890 | D:2      | Killed Natasha
   891 | D:2      | Reached skill level 1 in Short Blades
   891 | D:2      | Reached XP level 3. HP: 22/27 MP: 3/3
  1006 | D:2      | Noticed Natasha
  1026 | D:2      | Killed Natasha
  1027 | D:2      | Gained mutation: You regenerate magic rapidly. [demonic
                  | ancestry]
  1027 | D:2      | Reached XP level 4. HP: 24/33 MP: 4/4
  1085 | D:2      | Noticed Natasha
  1088 | D:2      | Killed Natasha
  1526 | D:1      | Gained mutation: You have sharp toenails. [demonic
                  | ancestry]
  1526 | D:1      | Reached XP level 5. HP: 38/38 MP: 5/5
  2140 | D:2      | Found a stormy altar of Qazlal.
  2801 | D:3      | Found a sacrificial altar of Ru.
  2869 | D:3      | Became a worshipper of Ru the Awakened
  3036 | D:4      | Found a staircase to the Ecumenical Temple.
  3050 | Temple   | Entered the Ecumenical Temple
  3173 | Temple   | Fell from the grace of Ru
  3173 | Temple   | Became a worshipper of Hepliaklqana the Forgotten
  3328 | D:4      | Gained mutation: You have an unusually large brain. (Int
                  | +2) [demonic ancestry]
  3328 | D:4      | Reached XP level 6. HP: 41/41 MP: 6/6
  3630 | D:4      | Reached skill level 3 in Fighting
  3884 | D:4      | Found a burning altar of Makhleb.
  3887 | D:4      | Found a basalt altar of Yredelemnul.
  3892 | D:4      | Found a white marble altar of Elyvilon.
  4035 | D:5      | Entered Level 5 of the Dungeon
  4107 | D:5      | Found a white marble altar of Elyvilon.
  4346 | D:5      | Reached * piety under Hepliaklqana
  4352 | D:5      | Gained mutation: You are immune to miasma. [demonic
                  | ancestry]
  4352 | D:5      | Reached XP level 7. HP: 33/46 MP: 7/7
  5527 | D:6      | Reached skill level 5 in Short Blades
  5807 | D:6      | Reached ** piety under Hepliaklqana
  5809 | D:6      | Remembered your ancestor Free Jello as a knight
  5985 | D:6      | Found a glowing golden altar of the Shining One.
  6015 | D:6      | Reached skill level 4 in Fighting
  6505 | D:7      | Reached XP level 8. HP: 54/54 MP: 8/8
  6557 | D:6      | HP: 2/54 [gnoll shaman/+0 whip (4)]
  6566 | D:6      | Reached skill level 1 in Slings
  6982 | D:7      | Identified the ring "Nitz" {rN+ Dex+3}
  6982 | D:7      | Noticed a kobold demonologist
  6984 | D:7      | Noticed an ice devil
  6999 | D:7      | Noticed an ice devil
  7463 | D:7      | Noticed a smoke demon
  7536 | D:6      | Reached skill level 5 in Fighting
  8069 | D:6      | Reached skill level 5 in Dodging
  8952 | D:7      | Reached skill level 6 in Fighting
  8975 | D:7      | Gained mutation: You have razor-sharp toenails. [demonic
                  | ancestry]
  8975 | D:7      | Reached XP level 9. HP: 13/62 MP: 4/9
  9143 | D:7      | Identified the +6 halberd of Firepigg {vorpal, +Blink}
  9328 | D:7      | Reached skill level 1 in Armour
  9827 | D:7      | Noticed a hellwing
  9829 | D:7      | Killed a kobold demonologist
  9863 | D:7      | Identified the Grimoire of Combat Magic
 10149 | D:7      | Found a stormy altar of Qazlal.
 10323 | D:7      | Reached skill level 5 in Armour
 10521 | D:7      | Killed an unseen horror
 11179 | D:8      | Reached skill level 1 in Evocations
 11360 | D:8      | Reached *** piety under Hepliaklqana
 11478 | D:8      | Reached XP level 10. HP: 53/68 MP: 8/10
 11765 | D:8      | Found a shimmering altar of Xom.
 12029 | D:8      | Found an ornate altar of the Wu Jian Council.
 12047 | D:8      | Found a shadowy altar of Dithmenos.
 12361 | D:9      | Found a broken altar of Ashenzari.
 12363 | D:9      | Found a glowing silver altar of Zin.
 12404 | D:9      | Noticed Prince Ribbit
 12411 | D:9      | Killed Prince Ribbit
 12447 | D:9      | Reached skill level 7 in Fighting
 12456 | D:9      | Found a blossoming altar of Fedhas.
 12481 | D:9      | Noticed Grum
 12506 | D:9      | Killed Grum
 12963 | D:9      | Found a sparkling altar of Nemelex Xobeh.
 13130 | D:10     | Entered Level 10 of the Dungeon
 13268 | D:10     | Reached skill level 5 in Evocations
 13504 | D:10     | Found a staircase to the Lair.
 13513 | D:10     | Found Iryz's General Store.
 13521 | D:10     | Found a runed translucent door.
 13521 | D:10     | Noticed Garenzo's ghost (novice MiHu)
 13525 | D:10     | Bought a potion of curing for 45 gold pieces
 13525 | D:10     | Bought a scroll of brand weapon for 300 gold pieces
 13525 | D:10     | Bought a potion of resistance for 150 gold pieces
 14283 | D:11     | Found a shimmering altar of Xom.
 14432 | D:11     | Noticed a gargoyle
 14447 | D:11     | Killed a gargoyle
 14448 | D:11     | Reached XP level 11. HP: 75/75 MP: 11/11
 15071 | Lair:1   | Entered Level 1 of the Lair of Beasts
 15071 | Lair:1   | Reached **** piety under Hepliaklqana
 15143 | Lair:1   | Noticed a seven-headed hydra
 15593 | Lair:1   | Killed a seven-headed hydra
 15600 | Lair:1   | Reached skill level 8 in Fighting
 16547 | Lair:1   | Noticed a five-headed hydra
 16559 | Lair:1   | Killed a five-headed hydra
 17213 | Lair:2   | Reached skill level 5 in Throwing
 17266 | Lair:2   | Noticed an oklob plant
 17266 | Lair:2   | Noticed an oklob plant
 17266 | Lair:2   | Noticed an oklob plant
 17853 | Lair:2   | Reached skill level 5 in Invocations
 18113 | Lair:2   | Gained mutation: You have claws for feet. [demonic
                  | ancestry]
 18113 | Lair:2   | Reached XP level 12. HP: 78/84 MP: 15/17
 18125 | Lair:2   | Reached ***** piety under Hepliaklqana
 18556 | Lair:2   | Learned a level 2 spell: Blink
 18798 | Lair:3   | Found a glowing silver altar of Zin.
 19092 | Lair:3   | Found a runed translucent door.
 19136 | Lair:3   | Noticed a death yak
 19140 | Lair:3   | Noticed Befuwnopp's ghost (journeyman TrHu)
 19153 | Lair:3   | Reached skill level 1 in Maces & Flails
 19266 | Lair:3   | Reached skill level 5 in Maces & Flails
 19492 | Lair:3   | Noticed a boulder beetle
 19515 | Lair:3   | Killed a boulder beetle
 20293 | Lair:3   | Found a staircase to the Snake Pit.
 20463 | Lair:3   | Found a staircase to the Shoals.
 21281 | Lair:4   | Noticed a catoblepas
 21292 | Lair:4   | Killed a catoblepas
 21305 | Lair:4   | Gained mutation: Your flesh is cold resistant. (rC+)
                  | [demonic ancestry]
 21305 | Lair:4   | Reached XP level 13. HP: 84/89 MP: 11/19
 21351 | Lair:4   | You fall into a shaft and drop 2 floors!
 21351 | Lair:6   | Entered Level 6 of the Lair of Beasts
 21543 | Lair:6   | Reached skill level 10 in Maces & Flails
 23267 | Lair:5   | Reached XP level 14. HP: 52/95 MP: 11/20
 23614 | Lair:5   | Noticed Rupert
 23630 | Lair:5   | Killed Rupert
 23699 | Lair:5   | Reached skill level 9 in Fighting
 24758 | Lair:6   | Found a staircase to the Slime Pits.
 26078 | D:12     | Identified a scroll of acquirement
 26078 | D:12     | Acquired 497 gold pieces
 26256 | D:12     | Found a roughly hewn altar of Beogh.
 26256 | D:12     | Found a staircase to the Orcish Mines.
 26986 | D:12     | Reached skill level 10 in Fighting
 27084 | Orc:1    | Entered Level 1 of the Orcish Mines
 27084 | Orc:1    | Noticed Josephine
 27086 | Orc:1    | Noticed Nergalle
 27105 | D:12     | Killed Josephine
 27891 | D:12     | Killed Nergalle
 28441 | Orc:1    | Noticed a stone giant
 28499 | Orc:1    | Killed a stone giant
 29458 | Orc:2    | Entered Level 2 of the Orcish Mines
 30221 | Orc:2    | Gained mutation: You are frail. (-10% HP) [a neqoxec]
 30968 | Orc:2    | Found a staircase to the Elven Halls.
 31569 | Orc:2    | Reached skill level 11 in Fighting
 31614 | Orc:2    | Found Loutae's Distillery.
 31614 | Orc:2    | Found Byacad's Jewellery Shop.
 31920 | Orc:2    | Found Inorem's Jewellery Shop.
 31924 | Orc:2    | Found Rav Seta's Magic Scroll Boutique.
 32077 | Orc:2    | Found Ablow's Jewellery Emporium.
 32844 | Orc:2    | Gained mutation: You may emit foul miasma when damaged in
                  | melee. [demonic ancestry]
 32844 | Orc:2    | Reached XP level 15. HP: 57/93 MP: 15/21
 33026 | Orc:2    | Bought a scroll of fog for 24 gold pieces
 33026 | Orc:2    | Bought a scroll of teleportation for 36 gold pieces
 33026 | Orc:2    | Bought a scroll of silence for 90 gold pieces
 33028 | Orc:2    | Bought the amulet "Cayded" {Faith Str+6 Dex+4 SInv Stlth+}
                  | for 1050 gold pieces
 33061 | Orc:2    | Bought a scroll of identify for 24 gold pieces
 33061 | Orc:2    | Bought a scroll of identify for 24 gold pieces
 33061 | Orc:2    | Bought a scroll of identify for 24 gold pieces
 33062 | Orc:2    | Bought a potion of heal wounds for 70 gold pieces
 33062 | Orc:2    | Bought a potion of curing for 42 gold pieces
 33062 | Orc:2    | Bought a potion of curing for 42 gold pieces
 33062 | Orc:2    | Bought a potion of resistance for 140 gold pieces
 33062 | Orc:2    | Bought a potion of haste for 140 gold pieces
 33062 | Orc:2    | Bought a potion of magic for 112 gold pieces
 33063 | Orc:2    | Bought a +4 ring of protection for 504 gold pieces
 33285 | D:13     | Noticed Snorg
 33322 | D:13     | Killed Snorg
 33527 | D:13     | Noticed Sonja
 33529 | D:13     | Noticed Kirke
 33538 | D:13     | Killed Kirke
 33539 | D:13     | Reached skill level 12 in Fighting
 33544 | D:13     | Noticed Sonja
 33544 | D:13     | Sonja changed into Sonja the bullfrog
 33547 | D:13     | Killed Sonja the bullfrog
 33551 | D:13     | Found a glowing silver altar of Zin.
 33809 | D:13     | Noticed Erolcha
 33818 | D:13     | Killed Erolcha
 33891 | D:13     | Identified the +2 quarterstaff of Cowardice {elec, *Drain
                  | +Fly MP+9 Int+3}
 34253 | D:13     | Identified the cursed +1 hunting sling of Res Nullius
                  | {flame, Dex+4} (You found it on level 13 of the Dungeon)
 34452 | D:13     | Reached skill level 13 in Fighting
 34930 | D:14     | Noticed Louise
 34946 | D:14     | Killed Louise
 35133 | D:14     | Reached skill level 1 in Shields
 35774 | D:14     | Identified Roxanne's Reference Book on Transmutation
 35774 | D:14     | Noticed Roxanne
 35943 | D:14     | Reached skill level 5 in Shields
 36095 | D:14     | Killed from afar by a wizard

Illustrated notes

Levels and vault maps discovered:
D:1:      nzn_arrival_crosshair, layout_basic, minivault_26, minmay_pentomino_r4
D:2:      layout_basic, grunt_qazlal_clouds, minmay_goblin_kobold_house,
          uniq_natasha
D:3:      layout_loops_ring, nicolae_ru_path_of_blood
D:4:      layout_cave_pods, grunt_temple_overflow_diamond,
          minmay_temple_entry_gardened_gates,
          minmay_a_box_with_orc_wizards_in_it
D:5:      layout_layer_cave, basic_altar, kennysheep_another_room
D:6:      layout_basic, nicolae_tso_carved_into_rock
D:7:      minmay_the_grid_octo_2x2 [minmay_the_grid_octo_pinwheel,
          minmay_the_grid_octo_77, minmay_the_grid_octo_fat_diamond,
          minmay_the_grid_octo_prize_ultimate_mussel_roller], layout_basic,
          basic_altar, minmay_checkerbox
D:8:      minmay_flawed_box, layout_loops_ring, overflow_temple_1_default,
          grunt_dithmenos_smoke, nzn_wu_jian_council_hall,
          kennysheep_flooded_box, grunt_decor_cap
D:9:      layout_basic, fedhas_altar_1, kennysheep_mini_moat,
          chequers_temple_overflow_statue_of_worship, uniq_grum,
          uniq_prince_ribbit1
D:10:     layout_cave_pools, lair_entry_dummy, serial_shops, shop,
          gammafunk_ghost_grave, minmay_misc_feat_x
D:11:     layout_basic, basic_altar, minmay_rotating_lava
D:12:     layout_small_grid, david_orc_5, minmay_quadrilaterals
D:13:     layout_roguey, basic_altar, chequers_hall_statues_corner_a,
          hangedman_aviary, uniq_erolcha, uniq_kirke, uniq_sonja, uniq_snorg
D:14:     minmay_textured_paths, layout_cave_pools, grunt_vaults_entry_tiered,
          minmay_misc_feat_room, uniq_roxanne, uniq_louise
Temple:   kb_corrupted_temple
Lair:1:   layout_cave_pods, st_stairs_4, serial_bayou_shore_a
Lair:2:   layout_regular_city, minmay_lair_oklob_chamber
Lair:3:   layout_roguey, minmay_shoals_entry_hut,
          minmay_snake_entry_guardpost_medium, ebering_ghost_inner_flame,
          minivault_25, serial_bayou_pond_e, columned_hall_lemuel,
          lemuel_oklob_altar
Lair:4:   layout_cave_pods, st_stairs_4, cheibrodos_lair_reptile_den
Lair:5:   layout_layer_cave, serial_bayou, serial_bayou_pond_b,
          serial_bayou_lagoon_b, serial_bayou_pond_d, serial_bayou_lagoon_a,
          serial_bayou_ford_a, kennysheep_basilisk_garden, uniq_rupert
Lair:6:   minmay_lair_end_frog_pond, layout_cave_pods,
          minmay_slime_entry_pillars
Orc:1:    layout_caves, nicolae_orc_flooded_monolith, uniq_josephine,
          uniq_nergalle
Orc:2:    st_orc_mages, layout_caves, serial_shops, nicolae_shop_stone

Skill      XL: |  1  2  3  4  5  6  7  8  9 10 11 12 13 14 15 |
---------------+----------------------------------------------+-----
Staves         | 3 4 |  4.0
Short Blades   | 1 2 3 4 5 7 |  7.1
Dodging        | 3 4 5 6 |  6.1
Fighting       | 3 4 6 7 8 11 13 | 13.2
Slings         | 2 |  2.4
Armour         | 6 8 9 |  9.6
Throwing       | 2 5 8 |  8.3
Evocations     | 2 8 |  8.0
Invocations    | 7 8 |  8.5
Maces & Flails | 9 12 | 12.9
Shields        | 5 |  5.8

Action                   |  1- 3 |  4- 6 |  7- 9 | 10-12 | 13-15 || total
-------------------------+-------+-------+-------+-------+-------++-------
Melee: Quarterstaff      |    41 |       |       |       |       ||    41
       Dagger            |    29 |   166 |   245 |   374 |       ||   814
       Kick              |       |    28 |    84 |   150 |   332 ||   594
       Halberd           |       |       |     5 |       |       ||     5
       Dire flail        |       |       |       |    76 |   834 ||   910
       Eveningstar       |       |       |       |       |    95 ||    95
 Fire: Shortbow          |       |       |       |    64 |       ||    64
Throw: Throwing net      |     7 |       |       |       |     9 ||    16
       Stone             |    15 |    92 |     8 |       |       ||   115
       Dart              |       |       |    24 |   111 |   187 ||   322
Invok: Recall Ancestor   |       |       |     8 |    13 |    23 ||    44
       Ancestor Life: Kn |       |       |     1 |       |       ||     1
       Idealise          |       |       |       |     9 |    11 ||    20
       Ancestor Identity |       |       |       |       |     1 ||     1
Evoke: Wand              |       |       |    11 |    45 |    48 ||   104
       Phial of floods   |       |       |       |     3 |     4 ||     7
       Box of beasts     |       |       |       |     2 |     6 ||     8
       Phantom mirror    |       |       |       |     2 |     3 ||     5
  Use: Potion            |       |       |    11 |       |    14 ||    25
       Scroll            |       |       |    22 |    13 |    19 ||    54
 Stab: Sleeping          |     1 |       |       |       |       ||     1
       Distracted        |       |       |     1 |     7 |     4 ||    12
       Paralysed         |       |       |     1 |       |       ||     1
       Invisible         |       |       |     2 |       |       ||     2
       Held in net/web   |       |       |       |       |     1 ||     1
Armor: Leather armour    |    17 |    16 |       |       |       ||    33
       Scale mail        |       |    48 |   114 |     4 |       ||   166
       Skin              |       |       |    11 |       |       ||    11
       Chain mail        |       |       |       |   230 |   352 ||   582
       Plate armour      |       |       |       |       |   157 ||   157
Dodge: Dodged            |    54 |    79 |   179 |   232 |   428 ||   972
Block: Kite shield       |       |       |       |       |    37 ||    37
